 Dungeon Crawl Stone Soup version 0.29-a0-993-g4a18f31a58 (webtiles) character file.

Game seed: 13392491039443840817

250 frimble the Cutter (level 5, -2/41 HPs)
             Began as a Demonspawn Earth Elementalist on Aug 3, 2022.
             Slain by Crazy Yiuf
             ... wielding a +2 quarterstaff of chaos
              (15 damage)
             ... while paralysed by Crazy Yiuf
             ... on level 3 of the Dungeon.
             The game lasted 00:01:45 (3093 turns).

frimble the Cutter (Demonspawn Earth Elementalist)  Turns: 3093, Time: 00:01:46

Health: -2/41      AC:  4    Str:  8    XL:     5   Next: 88%
Magic:  7/8        EV:  2    Int: 16    God:
Gold:   83         SH:  0    Dex: 14    Spells: 7/8 levels left

rFire   . . .      SeeInvis .   e - +0 short sword (venom)
rCold   . . .      Faith    .   (no shield)
rNeg    . . .      Spirit   .   a - +0 robe
rPois   .          Reflect  .   (helmet restricted)
rElec   .          Harm     .   (no cloak)
rCorr   .          Rampage  .   (no gloves)
Will    .....                   (no boots)
Stlth   ++........              (no amulet)
HPRegen 0.13/turn               (no ring)
MPRegen 0.11/turn               (no ring)

@: paralysed
A: horns 2, icy blue scales 1, powered by death 1, clumsy 1
a: no special abilities


You were on level 3 of the Dungeon.
You visited 1 branch of the dungeon, and saw 3 of its levels.

You collected 83 gold pieces.

Inventory:

Hand Weapons
 e - a +0 short sword of venom (weapon)
Armour
 a - a +0 robe (worn)
Jewellery
 h - a ring of positive energy
Scrolls
 f - a scroll of identify
 j - 3 scrolls of fear
Potions
 b - 4 potions of magic
 c - a potion of mutation
 d - a potion of flight
 i - a potion of might


   Skills:
 + Level 3.4 Fighting
 + Level 3.4 Short Blades
 - Level 1.9 Dodging
 - Level 1.9 Stealth
 - Level 2.0 Spellcasting
 - Level 1.0 Transmutations
 - Level 3.1 Earth Magic


You had 7 spell levels left.
You knew the following spells:

 Your Spells              Type           Power      Damage    Failure   Level
a - Sandblast             Erth           22%        2d7       5%          1

Your spell library contained the following spells:

 Spells                   Type           Power      Damage    Failure   Level
 Passwall                 Tmut/Erth      6%         N/A       13%         2
 Blink                    Tloc           2%         N/A       30%         2
 Stone Arrow              Conj/Erth      12%        3d7       32%         3
 Lesser Beckoning         Tloc           1%         N/A       52%         3
 Petrify                  Tmut/Erth      8%         N/A       65%         4
 Manifold Assault         Tloc           1%         N/A       99%         5


Dungeon Overview and Level Annotations

Branches:
Dungeon (3/15)

Altars:
Kikubaaqudgha
Vehumet

Annotations:
D:3 Crazy Yiuf


Innate Abilities, Weirdness & Mutations

You have a pair of horns on your head.
You are partially covered in icy blue scales. (AC +2)
You regenerate a little health from kills.
You are clumsy. (Dex -2)


Message History

You closely miss the goblin. Your headbutt misses the goblin.
The goblin is moderately wounded.
The goblin closely misses you.
A goblin is nearby!
A goblin is nearby!
You hit the goblin.
You kill the goblin!
No target in view!
No target in view!
No target in view!
No target in view!
No target in view!
You see here a +0 dagger.
You see here a +0 dagger.
You see here a +0 whip.
Found an escape hatch in the floor.
There is an escape hatch in the floor here.
Found a dagger.
Found a stone staircase leading down.
Found a hammer.
Found a runed translucent door.
Crazy Yiuf shouts!
You open the door.
Crazy Yiuf laughs, "Whippet spinner snockshim!"
Crazy Yiuf hits you with a +2 quarterstaff of chaos!
Crazy Yiuf burns you.
There is an open translucent door here.
You hit Crazy Yiuf.
Crazy Yiuf is poisoned.
Crazy Yiuf is lightly wounded.
Crazy Yiuf barely misses you.
You closely miss Crazy Yiuf.
Crazy Yiuf is lightly wounded.
Crazy Yiuf hits you with a +2 quarterstaff of chaos.
You suddenly lose the ability to move!
Crazy Yiuf hits you with a +2 quarterstaff of chaos.
Crazy Yiuf burns you.
Crazy Yiuf hits you with a +2 quarterstaff of chaos.
* * * LOW HITPOINT WARNING * * *
You feel your power leaking away. Crazy Yiuf hits you but does no damage.
Crazy Yiuf hits you with a +2 quarterstaff of chaos!
You die...

#### #############...
#...............
############....
#....... #####...
#### ♣♣######.##
#)..#♣♣ ♣♣....##....
#..g@.♣♣♣♣...........
#...#♣..♣......##..#.
######### ####
♣♣♣.♣....###..#.
#.......#
♣♣♣♣♣##.....#.
#.####### #######.
#.# ########### #.##
#. #.# #.........##
##.# ## #.#
##.######..## ##.##
#.# #.# ###.###.##


You could see Crazy Yiuf (very poisoned).

Vanquished Creatures
  Sigmund (D:2)
  Jessica (D:3)
  2 adders (D:3)
  2 dart slugs
  An orc (D:3)
  4 endoplasms
  2 giant cockroaches (D:2)
  3 hobgoblins
  A jackal (D:1)
  A quokka (D:2)
  3 ball pythons
  3 bats
  5 frilled lizards
  6 goblins
  5 kobolds
  4 rats
44 creatures vanquished.

Vanquished Creatures (others)
  5 withered plants (D:3)
5 creatures vanquished.

Grand Total: 49 creatures vanquished

Notes
Turn   | Place    | Note
-------+----------+-------------------------------------------
     0 | D:1      | frimble the Demonspawn Earth Elementalist began the quest
                  | for the Orb.
     0 | D:1      | Reached XP level 1. HP: 13/13 MP: 3/3
   125 | D:1      | Reached skill level 1 in Transmutations
   371 | D:1      | Found a faded altar of an unknown god.
   490 | D:1      | Gained mutation: You have a pair of small horns on your
                  | head. [demonic ancestry]
   490 | D:1      | Reached XP level 2. HP: 15/19 MP: 5/5
  1233 | D:2      | Reached skill level 1 in Short Blades
  1566 | D:2      | Noticed Sigmund
  1574 | D:2      | Gained mutation: You are clumsy. (Dex -2) [potion of
                  | mutation]
  1585 | D:2      | Killed Sigmund
  1586 | D:2      | Gained mutation: You have a pair of horns on your head.
                  | [demonic ancestry]
  1586 | D:2      | Reached XP level 3. HP: 14/28 MP: 6/6
  1586 | D:2      | Gained mutation: You regenerate a little health from kills.
                  | [demonic ancestry]
  1586 | D:2      | Reached XP level 4. HP: 17/34 MP: 7/7
  1586 | D:2      | Gained mutation: You are partially covered in icy blue
                  | scales. (AC +2) [demonic ancestry]
  1586 | D:2      | Reached XP level 5. HP: 20/40 MP: 8/8
  2320 | D:3      | Found a radiant altar of Vehumet.
  2374 | D:3      | Found an ancient bone altar of Kikubaaqudgha.
  2677 | D:3      | Noticed Jessica
  2686 | D:3      | Killed Jessica
  3082 | D:3      | Found a runed translucent door.
  3083 | D:3      | Noticed Crazy Yiuf
  3089 | D:3      | Paralysed by Crazy Yiuf for 5 turns
  3093 | D:3      | Slain by Crazy Yiuf

Illustrated notes

Levels and vault maps discovered:
D:1:      lightli_arrival_statue_moat, layout_loops_ring,
          hellmonk_ecumenical_altar_crossroads, minmay_pentomino_z2
D:2:      layout_loops_ring, minmay_misc_feat_room, uniq_sigmund
D:3:      layout_loops_ring, kiku_gazebo_garden_becter, pf_just_have_faith,
          uniq_jessica, uniq_crazy_yiuf_cottage

Skill      XL: |  1  2  3  4  5 |
---------------+----------------+-----
Transmutations | 1 |  1.0
Earth Magic    | 3 |  3.1
Short Blades   | 3 |  3.4
Fighting       | 2 3 |  3.4
Dodging        | |  1.9
Stealth        | |  1.9
Spellcasting   | |  2.0

Action                   |  1- 3 |  4- 6 || total
-------------------------+-------+-------++-------
Melee: Unarmed           |     8 |       ||     8
       Short sword       |    44 |    52 ||    96
       Punch             |     1 |     2 ||     3
       Headbutt          |     6 |     7 ||    13
 Cast: Sandblast         |     9 |       ||     9
  Use: Potion            |     5 |       ||     5
       Scroll            |     2 |     1 ||     3
 Stab: Sleeping          |     2 |     2 ||     4
       Distracted        |       |     1 ||     1
Armor: Robe              |     4 |    14 ||    18
Dodge: Dodged            |    41 |    26 ||    67

Table legend: (Time is in decaauts)
 A = Elapsed time spent in this place.
 B = Non-inter-level travel time spent in this place.
 C = Inter-level travel time spent in this place.
 D = Time resting spent in this place.
 E = Time spent auto-exploring this place.
 F = Levels seen in this place.
 G = Mean time per level.
                   A        B        C        D        E       F      G
               +--------+--------+--------+--------+--------+-----+--------+
         Total |   3100 |   3061 |     39 |      0 |   2731 |   3 | 1033.3 |
       Dungeon |   3100 |   3061 |     39 |      0 |   2731 |   3 | 1033.3 |
               +--------+--------+--------+--------+--------+-----+--------+

Top non-repeatable levels by time:
     D:1: 1206 daAuts
     D:2: 947 daAuts
     D:3: 946 daAuts
